[Event "Teplice Open 2019"]
[Site "Teplice"]
[Date "2019.06.23"]
[Round "9.34"]
[White "Freisler, Pavel"]
[Black "Mikes, Jan"]
[Result "1-0"]
[ECO "E66"]
[WhiteElo "2246"]
[BlackElo "2404"]
[Annotator "NA"]
[PlyCount "67"]
[EventDate "2019.06.15"]
[EventType "swiss"]
[EventCountry "CZE"]
[SourceTitle "playchess.com"]
[Source "ChessBase"]
[SourceQuality "1"]
[TimeControl "40/5400+30:1800+30"]

1. Nf3 Nf6 2. c4 g6 3. Nc3 Bg7 4. g3 O-O 5. Bg2 d6 6. d4 Nc6 7. d5 Na5 8. Nd2 c5 9. O-O a6 10. Qc2 Rb8 11. a4 e6 12. b3 exd5 13. cxd5 b5 14. axb5 axb5 15. Bb2 Re8 16. Rfe1 b4 17. Nce4 Nxd5 18. Bxg7 Kxg7 19. Qd3 Bb7 20. Rxa5 Qxa5 21. Nxd6 Qd8 22. N2c4 Re7 23. Nxb7 Rbxb7 24. Qxd5 Qxd5 25. Bxd5 Ra7 26. e4 Ra2 27. Nd6 Rd2 28. Rc1 Ra7 29. Nxf7 Rxd5 30. exd5 Rxf7 31. Kg2 Ra7 32. d6 Kf6 33. Rxc5 Ra3 34. Rd5 1-0

[Event "Teplice Open 2019"]
[Site "Teplice"]
[Date "2019.06.23"]
[Round "9.35"]
[White "Eden, James"]
[Black "Ehrke, Michael"]
[Result "1-0"]
[ECO "A07"]
[WhiteElo "2346"]
[BlackElo "2222"]
[Annotator "NA"]
[PlyCount "57"]
[EventDate "2019.06.15"]
[EventType "swiss"]
[EventCountry "CZE"]
[SourceTitle "playchess.com"]
[Source "ChessBase"]
[SourceQuality "1"]
[TimeControl "40/5400+30:1800+30"]

1. Nf3 d5 2. b3 Bf5 3. Bb2 e6 4. g3 h6 5. Bg2 Nf6 6. O-O Be7 7. d3 O-O 8. Nbd2 Bh7 9. e4 c5 10. Ne5 Nbd7 11. f4 d4 12. Nxd7 Qxd7 13. g4 e5 14. f5 Qd8 15. Bc1 g5 16. fxg6 fxg6 17. Nc4 Nd7 18. Bxh6 Rxf1+ 19. Qxf1 g5 20. Qf3 Bg6 21. Rf1 Kh7 22. Qh3 Kg8 23. Rf5 b5 24. Nxe5 Nxe5 25. Rxe5 Qc7 26. Rf5 Bxf5 27. exf5 Rd8 28. Qh5 Qe5 29. Bxg5 1-0

[Event "Teplice Open 2019"]
[Site "Teplice"]
[Date "2019.06.23"]
[Round "9.37"]
[White "Czerw, Dawid"]
[Black "Subramanian, Aditya"]
[Result "1-0"]
[ECO "D31"]
[WhiteElo "2317"]
[BlackElo "2167"]
[Annotator "NA"]
[PlyCount "48"]
[EventDate "2019.06.15"]
[EventType "swiss"]
[EventCountry "CZE"]
[SourceTitle "playchess.com"]
[Source "ChessBase"]
[SourceQuality "1"]
[TimeControl "40/5400+30:1800+30"]

1. d4 d5 2. c4 e6 3. Nc3 a6 4. cxd5 exd5 5. Bf4 Nf6 6. e3 Bd6 7. Bg5 Be6 8. Bd3 Nbd7 9. Nge2 h6 10. Bf4 Qe7 11. Bxd6 Qxd6 12. f3 c5 13. O-O O-O 14. Qd2 Rac8 15. Rfd1 Rfe8 16. Rac1 cxd4 17. Nxd4 Nc5 18. Bb1 Bd7 19. Re1 Rc7 20. Rcd1 Rec8 21. Nde2 Qe5 22. Nf4 Bc6 23. Nfxd5 Nxd5 24. Nxd5 Rd7 1-0